 Dungeon Sprint DCSS version 0.32-a0-473-gd044c6f0f0 (webtiles) character file.

Game seed: 14242028888953413141

4802 rocky1 the Severer (level 10, -2/96 HPs)
             Began as a Mountain Dwarf Fighter on Feb 26, 2024.
             Was a High Priest of Okawaru.
             Slain by a merfolk
             ... wielding a +0 trident
              (13 damage)
             ... in the Dungeon (Sprint V: "Ziggurat Sprint").
             The game lasted 00:12:07 (921 turns).

rocky1 the Severer (Mountain Dwarf Fighter)          Turns: 921, Time: 00:12:07

Health: -2/96      AC: 28    Str: 29    XL:     10   Next: 24%
Magic:  9/16       EV: 12    Int: 12    God:    Okawaru [*****.]
Gold:   0          SH: 10    Dex:  6    Spells: 7/15 levels left

rFire   + + .        I - +5 broad axe
rCold   + . .        E - +3 buckler
rNeg    . . .        C - +5 gold dragon scales
rPois   +            N - +1 helmet {SInv}
rElec   +            c - scarf "Ufeqauve" {shadows, rElec rF+ Will+}
rCorr   .            (no gloves)
SInv    +            (no boots)
Will    ++...        (no amulet) Stlth
                     y - +6 ring of strength
HPRegen 0.36/turn    b - ring "Fevous" {rPois EV+5 Int+3 Dex-3 Slay+2}
MPRegen 0.15/turn

%: no teleportation
@: heroic, finesse-ful
A: runic magic, artefact enchanting
a: Renounce Religion, Heroism, Finesse


You were in the Dungeon.
You worshipped Okawaru.
Okawaru was extremely pleased with you.
You visited 1 branch

Inventory:

Hand Weapons
 s - a +2 heavy morningstar
 t - a +5 battleaxe of freezing
 w - a +5 heavy war axe
 H - a +5 battleaxe
 I - a +5 broad axe (weapon)
 J - a +5 executioner's axe
 K - the +16 obsidian axe {drain, demonic, Mesm ^Drain Fly SInv}
   (You found it in the Dungeon)

   Mesm:      Its wielder is mesmerised by any visible foes, and it cannot be
   unequipped while any foes are visible.
   SInv:      It lets you see invisible.
   Fly:       It grants you flight.
   ^Drain:    It drains your maximum health when unequipped.
Missiles
 L - 2 silver javelins
Armour
 c - the scarf "Ufeqauve" (worn) {shadows, rElec rF+ Will+}
   (You found it in the Dungeon)

   rF+:       It protects you from fire.
   rElec:     It insulates you from electricity.
   Will+:     It increases your willpower.
 B - a +5 crystal plate armour
 C - +5 gold dragon scales (worn)
 E - a +3 buckler (worn)
 F - a +3 kite shield
 G - a +3 tower shield
 N - a +1 helmet of see invisible (worn)
Jewellery
 b - the ring "Fevous" (right hand) {rPois EV+5 Int+3 Dex-3 Slay+2}
   (You found it in the Dungeon)

   [ring of evasion]

   EV+5:      It affects your evasion (+5).
   Int+3:     It affects your intelligence (+3).
   Dex-3:     It affects your dexterity (-3).
   Slay+2:    It affects your accuracy & damage with ranged weapons and melee
   (+2).
   rPois:     It protects you from poison
 u - the ring "Faq Etoc" {rCorr MP+9 Dex+3}
   (You found it in the Dungeon)

   [ring of magical power]

   Dex+3:     It affects your dexterity (+3).
   MP+9:      It affects your magic capacity (+9).
   rCorr:     It protects you from acid and corrosion.
 v - the amulet of the Air {Inacc Air Fly rElec RMsl}
   (You took it off a spriggan in the Dungeon)

   [amulet of nothing]

   Inacc:     It reduces the accuracy of your attacks and spells.
   Air:       It enhances your air magic.
   rElec:     It insulates you from electricity.
   Fly:       It grants you flight.
   RMsl:      It protects you from missiles.
 x - a +6 ring of strength
 y - a +6 ring of strength (left hand)
 D - the ring of the Mertaur {rCorr MP+9 Int+3 Dex+2}
   (You found it in the Dungeon)

   [ring of resist corrosion]

   Int+3:     It affects your intelligence (+3).
   Dex+2:     It affects your dexterity (+2).
   MP+9:      It affects your magic capacity (+9).
   rCorr:     It protects you from acid and corrosion.
Wands
 a - a wand of flame (19)
 n - a wand of roots (6)
 z - a wand of mindburst (7)
 A - a wand of acid (14) (quivered)
Scrolls
 j - 3 scrolls of blinking
 o - 4 scrolls of amnesia
 p - 6 scrolls of fog
 q - 5 scrolls of identify
 r - 2 scrolls of fear
Potions
 d - 7 potions of might
 e - 10 potions of curing
 f - 8 potions of heal wounds
 g - 6 potions of haste
 h - 7 potions of magic
 i - 2 potions of berserk rage
 k - 2 potions of brilliance
 l - 2 potions of invisibility
 m - 4 potions of resistance


   Skills:
 + Level 11.5(16.5) Fighting
 + Level 18.7(23.7) Axes
 + Level 10.7(15.7) Armour
 + Level 1.8(6.8) Dodging
 - Level 0.2(5.2) Stealth
 + Level 10.6(15.6) Shields
 * Level 3.0 Spellcasting
 * Level 4.4 Fire Magic
 + Level 8.1 Invocations
 - Level 1.0 Evocations


You had 7 spell levels left.
You knew the following spells:

 Your Spells              Type           Power      Damage    Failure   Level
a - Ignition              Fire           6%         3d4       100%        8

Your spell library contained the following spells:

 Spells                   Type           Power      Damage    Failure   Level
 Apportation              Tloc           2%         N/A       45%         1
 Inner Flame              Hex/Fire       7%         N/A       52%         3
 Volatile Blastmotes      Fire/Tloc      14%        2d11      52%         3
 Lesser Beckoning         Tloc           2%         N/A       61%         2
 Confusing Touch          Hex            1%         N/A       83%         3
 Dazzling Flash           Conj/Hex       2%         N/A       83%         3
 Gell's Gravitas          Tloc           1%         N/A       83%         3
 Teleport Other           Tloc           1%         N/A       83%         3
 Dimensional Bullseye     Hex/Tloc       0%         N/A       99%         4
 Fulminant Prism          Conj/Alch      0%         3d5       99%         4
 Iskenderun's Mystic Bla  Conj/Tloc      1%         2d3       99%         4
 Passage of Golubria      Tloc           1%         N/A       99%         4
 Irradiate                Conj/Alch      0%         3d11      100%        5
 Iskenderun's Battlesphe  Conj           1%         2d6       100%        5
 Metabolic Englaciation   Hex/Ice        0%         N/A       100%        5
 Yara's Violent Unravell  Hex/Alch       0%         3d3       100%        5
 Bombard                  Conj/Erth      0%         9d1       100%        6
 Conjure Ball Lightning   Conj/Air       0%         3x3d6     100%        6
 Enfeeble                 Hex            0%         N/A       100%        7
 Discord                  Hex            0%         N/A       100%        8
 Disjunction              Tloc           0%         N/A       100%        8
 Call Canine Familiar     Summ           Unusable   N/A       N/A         3
 Tukima's Dance           Hex            Unusable   N/A       N/A         3
 Malign Gateway           Summ/Tloc      Unusable   N/A       N/A         7
 Spellforged Servitor     Conj/Summ      Unusable   N/A       N/A         7

Dungeon Overview and Level Annotations

Branches:
Dungeon (1/1)

Altars:
Ashenzari
Cheibriados
Dithmenos
Elyvilon
Fedhas
Gozag
Hepliaklqana
Kikubaaqudgha
Makhleb
Nemelex Xobeh
Okawaru
Qazlal
Ru
Sif Muna
Trog
Uskayaw
Vehumet
Wu Jian
Xom
Yredelemnul
Zin
The Shining One
Beogh
Jiyva
Lugonu

Annotations:
D 1 transporter


Innate Abilities, Weirdness & Mutations

Your spellcasting is much less encumbered by armour.
You can use scrolls of enchantment on lesser artefacts.


Message History

The wind drake barely misses you.
Unknown command.
You closely miss the centaur.
The centaur is moderately wounded.
You closely miss the wind drake. You barely miss the wind drake.
The wind drake flaps its wings at you. The air twists around and strikes you!
You block the merfolk's attack.
You slice the centaur!!
You kill the centaur!
Okawaru accepts your kill.
You hit the wind drake. You slice the wind drake!!
You kill the wind drake!
Okawaru accepts your kill. The wind drake bites you. The merfolk misses you.
The wind drake flaps its wings at you. The air twists around and strikes you!!
* * * LOW HITPOINT WARNING * * *
The merfolk hits you but does no damage.
The wind drake bites you but does no damage.
Things that are here:
a +0 orcbow; a +0 orcbow; a centaur corpse You slice the wind drake!!
You kill the wind drake!
Okawaru accepts your kill.
You hit the merfolk but do no damage. The merfolk hits you with a +0 trident.
* * * LOW HITPOINT WARNING * * *
Your Spellcasting skill increases to level 3!
Unknown command.
You closely miss the merfolk.
The merfolk is moderately wounded.
You block the merfolk's attack.
Unknown command.
You barely miss the wind drake.
The wind drake is moderately wounded.
You slash the merfolk!
Unknown command.
You slice the wind drake!!
The wind drake is heavily wounded.
You slice the merfolk!! The merfolk hits you with a +0 trident!
You die...

▓....©....▓...©...▓
▓▓▓▓▓▓▓▓▓▓▓▓▓▓▓▓▓▓▓
▓...ß©ß...▓
▓§.:/:/:..▓
▓§§m§§))..▓
▓§§§§§....▓
▓m§§)§....▓
▓§§§§§§...▓
▓§§@m§....▓
▓.▓k§§§§▓.▓
▓...§§§...▓
▓▓▓▓▓▓▓▓▓▓▓


You could see a wind drake (repels missiles) and 2 merfolk.

Vanquished Creatures
  3 spriggan druids (D)
  A rime drake (D)
  A komodo dragon (D)
  2 wind drakes (D)
  2 spriggans (D)
  3 yaks (D)
  A naga (shapeshifter) (D)
  3 hell hounds (D)
  2 orc warriors (D)
  A black bear (D)
  A swamp drake (shapeshifter) (D)
  A tengu (shapeshifter) (D)
  A crocodile (shapeshifter) (D)
  4 centaurs (D)
  A bullfrog (D)
  2 scorpions (D)
  A howler monkey (shapeshifter) (D)
  2 crimson imps (D)
  2 quasits (D)
  3 orc priests (D)
  2 orc wizards (D)
  A river rat (D)
  2 white imps (D)
  An ufetubus (D)
  An adder skeleton (D)
  6 orcs (D)
  A jackal (D)
51 creatures vanquished.

Notes
Turn   | Place    | Note
-------+----------+-------------------------------------------
     0 | D        | rocky1 the Mountain Dwarf Fighter began the quest for the
                  | Orb.
     0 | D        | Reached XP level 1. HP: 19/19 MP: 1/1
     0 | D        | Found a shimmering blue altar of Sif Muna.
     0 | D        | Found a bloodstained altar of Trog.
     0 | D        | Found a sacrificial altar of Ru.
     0 | D        | Found a stormy altar of Qazlal.
     0 | D        | Found an iron altar of Okawaru.
     1 | D        | Found a sparkling altar of Nemelex Xobeh.
     1 | D        | Found a blossoming altar of Fedhas.
     1 | D        | Found the +6 Majin-Bo {spellvamp, MP+6 Int+6}
     1 | D        | Found the +27 heavy crossbow "Sniper" {heavy, Acc+∞ SInv}
     1 | D        | Found the +10 dark maul {heavy}
     1 | D        | Found the +15 Maxwell's patent armour {-Cast -Tele rElec
                  | Will+ rCorr}
     1 | D        | Found the +18 shield of the Gong {Loud rN+ Will+ rCorr
                  | EV-5}
     1 | D        | Found the +16 obsidian axe {drain, demonic, Mesm ^Drain Fly
                  | SInv}
     1 | D        | Found the +7 great mace "Firestarter" {flame, immolate,
                  | rFlCloud rF++}
     1 | D        | Found the +6 shillelagh "Devastator" {shatter}
     1 | D        | Found the +11 plutonium sword {^Contam Stlth-}
     1 | D        | Found the +8 lance "Wyrmbane" {slay drac, rPois rF+ rC+
                  | AC+3}
     1 | D        | Found the +9 sword of Zonguldrok {reap}
     1 | D        | Found the +13 scythe of Curses {drain, curses, ^Drain}
     1 | D        | Found the +9 sword of Power {lifebolt}
     1 | D        | Found the +7 mace of Variability {chaos, chaos arc}
     1 | D        | Found the +11 Singing Sword {sonic wave}
     1 | D        | Found the +8 storm bow {elec, penet}
     3 | D        | Found a transporter.
     3 | D        | Found an ancient bone altar of Kikubaaqudgha.
     3 | D        | Found a viscous altar of Jiyva.
     3 | D        | Found a corrupted altar of Lugonu.
     3 | D        | Found a hazy altar of Hepliaklqana.
     3 | D        | Found a burning altar of Makhleb.
     3 | D        | Found an opulent altar of Gozag.
    92 | D        | Became a worshipper of Warmaster Okawaru
    99 | D        | Reached skill level 5 in Fighting
    99 | D        | Reached skill level 5 in Axes
    99 | D        | Reached skill level 5 in Armour
    99 | D        | Reached skill level 5 in Shields
    99 | D        | Reached XP level 2. HP: 29/29 MP: 2/2
   110 | D        | Entered arena 2.
   110 | D        | Noticed a scorpion
   110 | D        | Noticed a scorpion
   110 | D        | Found a transporter.
   115 | D        | Killed a scorpion
   116 | D        | Reached XP level 3. HP: 37/37 MP: 2/5
   116 | D        | Reached XP level 4. HP: 44/44 MP: 2/6
   116 | D        | Killed a scorpion
   187 | D        | Entered arena 3.
   187 | D        | Found a transporter.
   194 | D        | Reached XP level 5. HP: 38/51 MP: 8/8
   241 | D        | Entered arena 4.
   241 | D        | Noticed a hell hound
   241 | D        | Noticed a hell hound
   241 | D        | Noticed a hell hound
   241 | D        | Found a transporter.
   244 | D        | Reached skill level 5 in Invocations
   245 | D        | Killed a hell hound
   245 | D        | Reached * piety under Okawaru
   246 | D        | Reached skill level 6 in Axes
   248 | D        | Killed a hell hound
   248 | D        | Reached ** piety under Okawaru
   249 | D        | Reached skill level 7 in Axes
   249 | D        | Reached XP level 6. HP: 61/61 MP: 8/11
   255 | D        | Killed a hell hound
   343 | D        | Entered arena 5.
   343 | D        | Found a transporter.
   346 | D        | Reached skill level 8 in Axes
   349 | D        | Reached XP level 7. HP: 68/69 MP: 12/12
   352 | D        | Reached skill level 1 in Evocations
   354 | D        | Reached skill level 1 in Dodging
   357 | D        | Got the ring "Fevous" {rPois EV+5 Int+3 Dex-3 Slay+2}
   360 | D        | Got the scarf "Ufeqauve" {shadows, rElec rF+ Will+}
   472 | D        | Got the +11 arbalest of Rulecumy {drain, rC+}
   603 | D        | Entered arena 6.
   603 | D        | Noticed a steam dragon
   603 | D        | Found a transporter.
   606 | D        | a steam dragon changed into a swamp drake
   608 | D        | Reached skill level 9 in Axes
   610 | D        | Reached skill level 10 in Axes
   612 | D        | Reached *** piety under Okawaru
   617 | D        | Reached skill level 11 in Axes
   625 | D        | Got Sosuydal's Collected Works on the Illusory Crucible
   658 | D        | Entered arena 7.
   661 | D        | Found a transporter.
   663 | D        | Reached XP level 8. HP: 78/78 MP: 10/13
   668 | D        | Reached skill level 12 in Axes
   683 | D        | Got the ring "Faq Etoc" {rCorr MP+9 Dex+3}
   701 | D        | Entered arena 8.
   701 | D        | Noticed a spriggan druid
   701 | D        | Noticed a spriggan druid
   702 | D        | Noticed a spriggan druid
   703 | D        | Found a transporter.
   708 | D        | Killed a spriggan druid
   708 | D        | Reached **** piety under Okawaru
   709 | D        | Reached skill level 14 in Axes
   709 | D        | Reached skill level 10 in Armour
   712 | D        | Reached XP level 9. HP: 60/85 MP: 14/14
   712 | D        | Killed a spriggan druid
   712 | D        | Reached ***** piety under Okawaru
   713 | D        | Reached skill level 10 in Fighting
   713 | D        | Reached skill level 16 in Axes
   713 | D        | Reached skill level 10 in Shields
   715 | D        | Killed a spriggan druid
   716 | D        | Reached skill level 17 in Axes
   732 | D        | Got Fitiryf's Writings on the Hylic Fairies
   745 | D        | Learned a level 8 spell: Ignition
   792 | D        | Entered arena 9.
   794 | D        | Found a transporter.
   815 | D        | Got the Reference Book on the Fairies and Superposition
   849 | D        | Entered arena 10.
   849 | D        | Noticed a rime drake
   849 | D        | Noticed a komodo dragon
   851 | D        | Found a transporter.
   855 | D        | Killed a rime drake
   855 | D        | Received a gift from Okawaru
   856 | D        | Reached skill level 1 in Spellcasting
   856 | D        | Reached skill level 1 in Fire Magic
   856 | D        | Killed a komodo dragon
   857 | D        | Reached skill level 18 in Axes
   859 | D        | Reached XP level 10. HP: 55/95 MP: 15/15
   870 | D        | Got the ring of the Mertaur {rCorr MP+9 Int+3 Dex+2}
   896 | D        | Entered arena 11.
   896 | D        | Found the +3 giant club "Skullcrusher" {speed, Str+7}
   897 | D        | Found a transporter.
   921 | D        | Slain by a merfolk

Illustrated notes

Levels and vault maps discovered:
D:        sprint_v [room_start, room_1, room_2, room_3, room_4, room_5, room_6,
          room_7, room_8, room_9, room_10, room_11, room_12, room_13, room_14,
          room_15, room_16, room_17, room_18, room_19, room_20, room_21,
          room_22, room_23, room_24, room_25, room_26, room_27]

Skill      XL: |  1  2  3  4  5  6  7  8  9 10 |
---------------+-------------------------------+-----
Fighting       | 5 6 8 9 11 | 11.5
Axes           | 5 7 8 11 14 18 | 18.7
Armour         | 5 6 7 8 9 10 | 10.7
Shields        | 5 6 8 9 10 | 10.6
Invocations    | 3 4 6 7 8 |  8.1
Evocations     | 1 |  1.0
Dodging        | 1 |  1.8
Spellcasting   | 1 3 |  3.0
Fire Magic     | 3 4 |  4.4
Stealth        | |  0.2

Action                     |  1- 3 |  4- 6 |  7- 9 | 10-12 || total
---------------------------+-------+-------+-------+-------++-------
  Melee: War axe           |     4 |     6 |       |       ||    10
         Broad axe         |       |    16 |    49 |    19 ||    84
 Invoke: Heroism           |       |       |     1 |     1 ||     2
         Finesse           |       |       |       |     1 ||     1
  Evoke: Wand              |       |     2 |       |       ||     2
    Use: Potion            |     2 |       |       |     2 ||     4
         Scroll            |       |       |       |     2 ||     2
 Armour: Plate armour      |     5 |     7 |       |       ||    12
         Chain mail        |       |    29 |     5 |       ||    34
         Gold dragon scale |       |       |    40 |    39 ||    79
  Dodge: Dodged            |     2 |    23 |    24 |    16 ||    65
  Block: Buckler           |     2 |    17 |    27 |    19 ||    65

Table legend: (Time is in decaauts)
 A = Elapsed time spent in this place.
 B = Non-inter-level travel time spent in this place.
 C = Inter-level travel time spent in this place.
 D = Time resting spent in this place.
 E = Time spent auto-exploring this place.
 F = Levels seen in this place.
 G = Mean time per level.
                   A        B        C        D        E       F      G
               +--------+--------+--------+--------+--------+-----+--------+
         Total |    919 |    919 |      0 |    397 |      0 |   1 |  919.0 |
       Dungeon |    919 |    919 |      0 |    397 |      0 |   1 |  919.0 |
               +--------+--------+--------+--------+--------+-----+--------+

Top non-repeatable levels by time:
       D: 919 daAuts
